 Dungeon Crawl Stone Soup version 0.18-a0-1577-gf591c28 (webtiles) character file.

1954 Omaping the Cleaver (level 9, -3/78 HPs)
             Began as a Hill Orc Fighter on Mar 22, 2016.
             Succumbed to Duvessa's poison
             ... on level 7 of the Dungeon on Mar 23, 2016.
             The game lasted 00:42:12 (6797 turns).

Omaping the Cleaver (Hill Orc Fighter)              Turns: 6797, Time: 00:42:12

Health: -3/78      AC: 17    Str: 21 (23) XL:     9   Next: 19%
Magic:  9/9        EV:  4    Int:  7 (8)  God:
Gold:   492        SH:  9    Dex: 11      Spells: 0 memorised, 8 levels left

rFire  . . .     SeeInvis .     a - +1 war axe
rCold  . . .     Gourm    .     s - +0 plate armour
rNeg   . . .     Faith    .     c - +0 shield
rPois  .         Spirit   .     I - +0 helmet
rElec  .         Dismiss  .     (no cloak)
rCorr  .         Reflect  .     y - +0 pair of gloves
SustAt .         Harm     .     P - +1 pair of boots
MR     .....                    (no amulet)
Stlth  ..........               (no ring)
                                o - +2 ring of strength

@: lethally poisoned (-3 -> -60), very slightly contaminated, hasted, very
quick, not resistant to hostile enchantments, extremely unstealthy
A: no striking features
a: no special abilities


You were on level 7 of the Dungeon.
You were not hungry.

You visited 2 branches of the dungeon, and saw 8 of its levels.
You also visited: Sewer.

You collected 492 gold pieces.

Inventory:

Hand Weapons
 a - a +1 war axe (weapon)
 m - a +0 whip
 n - a +0 whip
 u - a +2 whip of electrocution
 C - a +0 battleaxe of distortion
Missiles
 v - 46 arrows
 z - 5 arrows of flame
Armour
 c - a +0 shield (worn)
 s - a +0 plate armour (worn)
 y - a +0 pair of gloves (worn)
 I - a +0 helmet (worn)
 P - a +1 pair of boots (worn)
Jewellery
 o - a +2 ring of strength (left hand)
Wands
 i - a wand of flame (22/48)
 D - a wand of flame (20/48)
 H - a wand of slowing (26/48)
 N - a wand of acid (5/15)
 O - a wand of paralysis (18/24)
Scrolls
 b - 3 scrolls of remove curse
 e - a scroll of enchant armour {unknown}
 h - 6 scrolls of teleportation
 k - 2 scrolls of blinking {unknown}
 w - 2 scrolls of identify
 A - a scroll of fog
 B - a scroll of fear
 J - a scroll of enchant weapon
Potions
 d - a potion of brilliance {unknown}
 g - a potion of cure mutation {unknown}
 q - a potion of magic {unknown}
 t - a potion of lignification {unknown}
 x - a potion of flight
 E - a potion of haste
 L - a potion of agility {unknown}
 M - a potion of resistance
Comestibles
 f - 6 bread rations
 j - 4 meat rations
 l - 2 beef jerkies
 S - 4 fruits


   Skills:
 + Level 6.4 Fighting
 * Level 12.4 Axes
 + Level 6.2 Armour
 - Level 3.5 Shields


You had 8 spell levels left.
You didn't know any spells.

Dungeon Overview and Level Annotations

Branches:
Dungeon (7/15)             Temple (1/1) D:6

Altars:
Ashenzari
Cheibriados
Dithmenos
Elyvilon
Fedhas
Gozag
Kikubaaqudgha
Makhleb
Nemelex Xobeh
Okawaru
Qazlal
Sif Muna
Vehumet
Xom
Yredelemnul
Zin
The Shining One

Annotations:
D:6 exclusions: troll and 2 more exclusions
D:7 Duvessa


Message History

You are too injured to fight recklessly!
You are too injured to fight recklessly!
You are too injured to fight recklessly!
You are too injured to fight recklessly!
You hit Duvessa but do no damage.
Duvessa is heavily wounded.
* * * LOW HITPOINT WARNING * * *
You feel sick.
Duvessa hits you with a short sword of venom.
* * * LOW HITPOINT WARNING * * *
You hit Duvessa but do no damage.
Duvessa is heavily wounded.
* * * LOW HITPOINT WARNING * * *
You feel very sick.
Duvessa hits you with a short sword of venom!
* * * LOW HITPOINT WARNING * * *
You are more poisoned.
* * * LOW HITPOINT WARNING * * *
You feel very sick.
You die...

#..# #.#...
#..###.#...
###...##.#..#
##......#.#..#
###............#
#######.....###......#
##....#.....##
##....##
##.........#### ###..#
#......@......## ##..#
#..............## #..#
........e.......# #..#
.........)......# #..
.................#
...........(....##
................#
........$.....###
...........#..


You could see Duvessa (berserk).

Vanquished Creatures
  Eustachio (D:5)
  2 orc warriors (D:6)
  A necrophage (D:5)
  An ogre (D:6)
  2 centaurs
  5 big kobolds (Sewer)
  A giant frog (D:6)
  Dowan (D:7)
  A scorpion (D:5)
  2 howler monkeys (D:6)
  A crimson imp (D:5)
  3 hounds
  A giant frog skeleton (D:4)
  3 orc wizards
  4 iguanas
  2 worker ants
  A killer bee zombie (D:6)
  A hound skeleton (D:4)
  A howler monkey zombie (D:6)
  Robin (D:4)
  6 adders
  5 river rats
  2 shadow imps (D:6)
  2 oozes (Sewer)
  2 adder skeletons
  10 worms
  4 giant geckos
  15 orcs
  5 bats
  6 giant cockroaches
  15 goblins
  8 hobgoblins
  9 jackals
  2 quokkas
  2 ball pythons (Sewer)
  A giant gecko skeleton (D:4)
  7 giant newts
  11 kobolds
  7 rats
154 creatures vanquished.

Vanquished Creatures (others)
  A jackal (D:3)
  A quokka (D:3)
2 creatures vanquished.

Grand Total: 156 creatures vanquished

Notes
Turn   | Place    | Note
--------------------------------------------------------------
     0 | D:1      | Omaping the Hill Orc Fighter began the quest for the Orb.
     0 | D:1      | Reached XP level 1. HP: 19/19 MP: 1/1
     2 | D:1      | Noticed an elf
     4 | D:1      | Noticed a minotaur
     4 | D:1      | Noticed a troll
     6 | D:1      | Noticed a spriggan
     6 | D:1      | Noticed an octopode
     9 | D:1      | Noticed a demonspawn
    11 | D:1      | Noticed a demigod
    11 | D:1      | Noticed a draconian
    13 | D:1      | Noticed a formicid
    13 | D:1      | Noticed a merfolk
    15 | D:1      | Noticed a ghoul
    15 | D:1      | Noticed a naga
    17 | D:1      | Noticed a vampire
    17 | D:1      | Noticed a human
    19 | D:1      | Noticed a halfling
    19 | D:1      | Noticed a felid
    21 | D:1      | Noticed a dwarf
    21 | D:1      | Noticed a tengu
    24 | D:1      | Noticed a vine stalker
    26 | D:1      | Noticed an ogre
    26 | D:1      | Noticed a centaur
    28 | D:1      | Noticed a gargoyle
   193 | D:1      | Reached XP level 2. HP: 27/27 MP: 2/2
   309 | D:1      | Reached skill level 3 in Axes
   691 | D:2      | Found a burning altar of Makhleb.
   730 | D:2      | Reached XP level 3. HP: 31/33 MP: 3/3
   897 | D:2      | Found a faded altar to an unknown god.
   935 | D:2      | Reached skill level 4 in Axes
  1247 | D:3      | Found a glowing silver altar of Zin.
  1400 | D:3      | Reached XP level 4. HP: 15/40 MP: 4/4
  1683 | D:3      | Reached skill level 5 in Axes
  1764 | D:3      | Found a shattered altar of Ashenzari.
  1764 | D:3      | Found an iron altar of Okawaru.
  1765 | D:3      | Found a basalt altar of Yredelemnul.
  1795 | D:3      | Noticed a centaur
  1838 | D:3      | Killed a centaur
  1838 | D:3      | Reached skill level 6 in Axes
  1838 | D:3      | Reached XP level 5. HP: 13/46 MP: 5/5
  2088 | D:3      | Found a stormy altar of Qazlal.
  2262 | D:3      | Found a white marble altar of Elyvilon.
  2390 | D:3      | Found a radiant altar of Vehumet.
  2397 | D:3      | Found a sparkling altar of Nemelex Xobeh.
  2524 | D:3      | Reached skill level 7 in Axes
  2730 | D:4      | Reached XP level 6. HP: 48/52 MP: 6/6
  2785 | D:4      | Reached skill level 8 in Axes
  3063 | D:4      | Found a snail-covered altar of Cheibriados.
  3147 | D:4      | Noticed Robin
  3159 | D:4      | Killed Robin
  3470 | D:5      | Entered Level 5 of the Dungeon
  3489 | D:5      | Reached XP level 7. HP: 52/59 MP: 7/7
  3503 | D:5      | Reached skill level 9 in Axes
  3596 | D:5      | Found a white marble altar of Elyvilon.
  3795 | D:5      | Noticed Eustachio
  4132 | D:5      | Found a glowing drain.
  4136 | D:5      | Reached skill level 10 in Axes
  4157 | Sewer    | Entered a sewer
  4472 | Sewer    | Reached XP level 8. HP: 58/67 MP: 8/8
  4737 | Sewer    | Reached skill level 5 in Armour
  4845 | Sewer    | Reached skill level 5 in Fighting
  5156 | D:5      | Killed Eustachio
  5156 | D:5      | Reached skill level 11 in Axes
  5307 | D:6      | Noticed a troll
  5853 | D:6      | Reached XP level 9. HP: 61/75 MP: 9/9
  5866 | D:6      | Reached skill level 12 in Axes
  6213 | D:6      | Found a staircase to the Ecumenical Temple.
  6223 | Temple   | Entered the Ecumenical Temple
  6765 | D:7      | Noticed Dowan
  6767 | D:7      | Noticed Duvessa
  6784 | D:7      | Killed Dowan
  6796 | D:7      | HP: 1/78 [poisoned by Duvessa]
  6797 | D:7      | Succumbed to Duvessa's poison

Vault maps used:
D:1:      kb_arrival_jail
D:2:      bloody_makhleb, ecumenical_altar_2, first_bread
D:3:      nicolae_overflow_quartered_altars, overflow_temple_1_default,
          amethyst_overflow_temple_binary, elyvilon_altar_4
D:4:      cheibriados_altar_wand_db, uniq_robin
D:5:      basic_altar, gup_sewer_entry_spiral, uniq_eustachio
D:6:      minmay_temple_entry_hall, uniq_prince_ribbit1
D:7:      grunt_temple_overflow_open, uniq_duvessa
Temple:   circular_temple_pool_8
Sewer:    sewer_co_tree

Skill      XL: |  1  2  3  4  5  6  7  8  9 |
---------------+----------------------------+-----
Axes           | 3 4 6 7 8 10 11 12 | 12.4
Armour         | 4 5 6 |  6.2
Fighting       | 4 6 |  6.4
Shields        | |  3.5

Action                   |  1- 3 |  4- 6 |  7- 9 || total
-------------------------+-------+-------+-------++-------
Melee: War axe           |   116 |   156 |   419 ||   691
  Use: Scroll            |     1 |     2 |     7 ||    10
       Potion            |       |     2 |    11 ||    13
  Eat: Chunk             |     2 |     5 |    10 ||    17
       Fruit             |       |     2 |       ||     2
       Pizza             |       |       |     1 ||     1
